 Dungeon Crawl Stone Soup version 0.28-a0-883-gc8d7bad45d (webtiles) character file.

Game seed: 1775719980172395403

4 croobank the Magician (level 1, 0/11 HPs)
             Began as an Octopode Hedge Wizard on Nov 21, 2021.
             Slain by a bat (1 damage)
             ... on level 1 of the Dungeon.
             The game lasted 00:02:17 (177 turns).

croobank the Magician (Octopode Hedge Wizard)        Turns: 177, Time: 00:02:17

Health: 0/11       AC:  1    Str:  9    XL:     1   Next: 70%
Magic:  0/4        EV: 13    Int: 16    God:
Gold:   0          SH:  0    Dex: 11    Spells: 4/6 levels left

rFire   . . .      SeeInvis .   a - +0 dagger
rCold   . . .      Faith    .   (no shield)
rNeg    . . .      Spirit   .   b - +0 hat
rPois   .          Reflect  .   (no amulet)
rElec   .          Harm     .   (no ring)
rCorr   .          Rampage  .   (no ring)
Will    .....                   (no ring)
Stlth   +++.......              (no ring)
HPRegen 0.03/turn               (no ring)
MPRegen 0.09/turn               (no ring)
                                (no ring)
                                (no ring)

@: hasted, very quick
A: almost no armour, amphibious, 8 rings, camouflage 1, gelatinous body 1,
(nimble swimmer 1), tentacles
a: no special abilities


You were on level 1 of the Dungeon.
You visited 1 branch of the dungeon, and saw 1 of its levels.

Inventory:

Hand Weapons
 a - a +0 dagger (weapon)
 f - a +0 war axe of draining
Missiles
 c - 26 stones
Armour
 b - a +0 hat (worn)
Scrolls
 e - a scroll of torment {unknown}


   Skills:
 * Level 0.9 Axes
 - Level 2.0 Dodging
 - Level 2.6 Stealth
 - Level 3.0 Spellcasting
 - Level 1.2 Conjurations
 - Level 1.0 Summonings
 - Level 1.0 Translocations


You had 4 spell levels left.
You knew the following spells:

 Your Spells              Type           Power      Damage    Failure   Level
a - Magic Dart            Conj           24%        1d4       12%         1
b - Slow                  Hex            8%         N/A       19%         1

Your spell library contained the following spells:

 Spells                   Type           Power      Damage    Failure   Level
 Blink                    Tloc           10%        N/A       19%         2
 Call Imp                 Summ           5%         N/A       19%         2
 Conjure Flame            Conj/Fire      4%         6-21      41%         3
 Mephitic Cloud           Conj/Pois/Air  3%         N/A       43%         3


Dungeon Overview and Level Annotations

Branches:
Dungeon (1/15)

Altars:

Shops:
D:1 (


Innate Abilities, Weirdness & Mutations

You cannot wear most types of armour.
You are amphibious.
You can wear up to eight rings at the same time.
Your skin changes colour to match your surroundings (Stealth+).
Your rubbery body absorbs attacks. (AC +1, EV +1)
((You are camouflaged near water. (Stealth+)))
You have tentacles for arms and can constrict up to eight enemies at once.


Message History

The bat barely misses you.
Aiming: Magic Dart (safe; 12% risk of failure)
Press: ? - help, Q - select action, (/) - cycle Shift-Dir - straight line, f/p - bat
Aim: a bat (severely wounded, 100% to hit)
The magic dart hits the bat but does no damage.
The bat is severely wounded.
The bat closely misses you. The bat closely misses you. The bat misses you.
The bat barely misses you.
The kobold throws a stone.
The stone misses you. The bat hits you. The bat hits you.
* * * LOW HITPOINT WARNING * * *
The kobold throws a stone.
The stone closely misses you.
You don't have enough magic to cast this spell.
It was a potion of haste.
You feel yourself speed up. The bat hits you.
* * * LOW HITPOINT WARNING * * *
The bat hits you but does no damage. The bat barely misses you.
Aiming: Magic Dart (safe; 12% risk of failure)
Press: ? - help, Q - select action, (/) - cycle Shift-Dir - straight line, f - kobold, p - bat
Aim: a kobold, wielding a +0 club and quivering stones (100% to hit)
The magic dart hits the kobold but does no damage.
The bat barely misses you.
The kobold throws a stone.
The stone hits you but does no damage. The kobold misses you.
You closely miss the kobold. Your grab misses the kobold.
You squeeze the kobold.
The kobold is heavily wounded.
The bat barely misses you.
You barely miss the kobold. Your grab misses the kobold.
The kobold is heavily wounded.
The bat closely misses you. The kobold closely misses you.
The bat hits you but does no damage.
You hit the kobold but do no damage. Your grab misses the kobold.
The kobold is heavily wounded.
The bat hits you.
* * * LOW HITPOINT WARNING * * *
The bat hits you.
You die...

#......# #......#
#......# ##.
#......## ....
#....... ...
#......###.######
#....K..........##
#....@...........#
#....b............
###...............
#...............
#...............
#...............
#.............g.
##.............#
##.....#......#


You could see a bat and a kobold.

Vanquished Creatures
  A ball python (D:1)
  2 hobgoblins (D:1)
  A bat (D:1)
4 creatures vanquished.

Notes
Turn   | Place    | Note
-------+----------+-------------------------------------------
     0 | D:1      | croobank the Octopode Hedge Wizard began the quest for the
                  | Orb.
     0 | D:1      | Reached XP level 1. HP: 11/11 MP: 4/4
    24 | D:1      | Learned a level 1 spell: Slow
    99 | D:1      | Found Waxzemmu's Weapon Boutique.
   177 | D:1      | Slain by a bat

Illustrated notes

Levels and vault maps discovered:
D:1:      wander_arrival_chamber, layout_rooms, serial_shops,
          nicolae_diamond_shop

Action                   || total
-------------------------++-------
Melee: Dagger            ||    12
       Constrict         ||     5
       Tentacles         ||     2
 Cast: Magic Dart        ||     9
       Slow              ||     1
  Use: Potion            ||     1
Armor: Skin              ||     5
Dodge: Dodged            ||    22

Table legend: (Time is in decaauts)
 A = Elapsed time spent in this place.
 B = Non-inter-level travel time spent in this place.
 C = Inter-level travel time spent in this place.
 D = Time resting spent in this place.
 E = Time spent auto-exploring this place.
 F = Levels seen in this place.
 G = Mean time per level.
                   A        B        C        D        E       F      G
               +--------+--------+--------+--------+--------+-----+--------+
         Total |    174 |    174 |      0 |      0 |     99 |   1 |  174.0 |
       Dungeon |    174 |    174 |      0 |      0 |     99 |   1 |  174.0 |
               +--------+--------+--------+--------+--------+-----+--------+

Top non-repeatable levels by time:
     D:1: 174 daAuts
